Map: Dusk Towers

Players

Manta - Winner!

  • Race: Zerg Zerg
  • League: Gold

RUn

  • Race: Protoss Protoss

VOD

Have the link to the VOD?

Description

Time

  • Played on: Feb. 20, 2016, 10:59 a.m.
  • Length: 13:09
Show
View Real Time Build Order
Export as new Build Order

Manta Zerg - Winner!

Build Orders: Pool First 

Get SALT Encoding   

  12  0:02  Drone  
  13  0:12  Overlord  
  13  0:25  Drone  
  14  0:33  Drone  
  14  0:34  Drone  
  16  0:37  Drone  
  17  0:47  Spawning Pool  
  17  0:49  Extractor  
  16  1:03  Hatchery  
  15  1:26  Hatchery  
  15  1:28  Drone  
  15  1:39  Drone  
  17  1:40  Drone  
  17  1:42  Drone  
  18  2:00  Spawning Pool  
  17  2:13  Drone x3  
  20  2:15  Extractor  
  20  2:18  Drone  
  20  2:46  Zergling x4  
  20  2:47  Zergling x8  
  20  2:49  Metabolic Boost  
  26  2:57  Lair  
  26  3:00  Drone  
  28  3:12  Drone  
  28  3:13  Drone x3  
  28  3:19  Overlord  
  31  3:32  Drone, Queen  
  32  3:49  Drone x4  
  36  3:59  Evolution Chamber  
  36  4:01  Queen  
  37  4:08  Pneumatized Carapace  
  37  4:10  Queen  
  37  4:15  Drone  
  40  4:28  Zergling x4  
  39  4:39  Zergling x2  
  39  4:40  Zergling x4  
  39  4:42  Overlord x2  
  38  4:58  Spore Crawler  
  35  5:09  Drone x2  
  35  5:10  Drone x2  
  39  5:20  Spore Crawler  
  37  5:36  Overlord x2  
  37  5:42  Drone x7, Spire  
  43  5:43  Drone x3, Extractor  
  47  6:08  Drone  
  47  6:09  Drone x5  
  47  6:10  Drone x2  
  52  6:18  Spore Crawler  
  52  6:21  Drone x2  
  52  6:22  Drone x3  
  56  6:36  Overlord x2  
  56  6:38  Drone x2, Extractor  
  56  6:39  Drone  
  58  6:40  Drone  
  59  6:50  Zergling x2  
  59  6:51  Zergling x2  
  59  6:53  Drone x3  
  64  6:56  Drone  
  64  6:57  Drone  
  64  6:58  Drone  
  64  6:59  Mutalisk  
  64  7:00  Mutalisk x4  
  77  7:03  Overlord  
  77  7:17  Overlord  
  77  7:19  Queen  
  77  7:22  Overlord  
  79  7:24  Drone x2  
  79  7:28  Hatchery  
  80  7:40  Mutalisk  
  80  7:41  Mutalisk x5  
  80  7:42  Extractor  
  80  7:43  Mutalisk  
  93  7:46  Drone x2  
  93  7:49  Extractor  
  93  7:51  Drone x3  
  96  7:53  Drone  
  96  7:57  Zerg Flyer Armor Level 1  
  98  8:11  Mutalisk x4  
  106  8:14  Overlord x3  
  106  8:38  Mutalisk x3  
  106  8:39  Mutalisk, Extractor  
  106  8:40  Zergling x12  
  106  8:41  Zergling x2  
  120  8:46  Extractor  
  119  9:30  Drone x3  
  118  9:31  Drone x3  
  118  9:32  Drone x6  
  127  9:44  Queen  
  127  9:45  Hatchery  
  128  9:46  Infestation Pit  
  127  9:56  Queen  
  127  9:58  Hatchery  
  123  10:00  Mutalisk  
  123  10:01  Mutalisk  
  123  10:02  Zergling x2  
  128  10:11  Overlord  
  128  10:12  Overlord x2  
  111  10:43  Mutalisk  
  111  10:44  Mutalisk x7  
  111  10:45  Zergling x2, Mutalisk  
  111  10:46  Zergling x14  
  111  10:47  Zergling x12  
  127  11:02  Mutalisk x3  
  127  11:03  Mutalisk x3  
  127  11:04  Zergling x10  
  115  11:27  Mutalisk  
  115  11:28  Mutalisk x6  
  115  11:29  Mutalisk  
  124  11:44  Hatchery  
  123  11:49  Mutalisk x2  
  123  11:50  Zergling x2  
  123  11:51  Zergling x16  
  123  11:52  Hatchery  
Show
View Real Time Build Order
Export as new Build Order

RUn Protoss 

Build Orders: Nexus First, Oracle Opening 

Get SALT Encoding   

  12  0:03  Probe (Chrono Boost)  
  13  0:15  Probe (Chrono Boost)  
  14  0:31  Pylon  
  14  0:34  Probe (Chrono Boost)  
  15  0:57  Nexus  
  15  1:01  Probe (Chrono Boost)  
  16  1:12  Gateway  
  16  1:17  Probe (Chrono Boost)  
  16  1:18  Assimilator  
  17  1:28  Probe (Chrono Boost)  
  17  1:31  Assimilator  
  18  1:38  Probe (Chrono Boost)  
  19  1:43  Gateway  
  19  1:49  Probe (Chrono Boost)  
  20  1:59  Probe (Chrono Boost)  
  21  2:01  Cybernetics Core  
  21  2:08  Pylon  
  21  2:11  Probe (Chrono Boost)  
  21  2:13  Probe (Chrono Boost)  
  23  2:22  Zealot (Chrono Boost)  
  25  2:37  Stargate  
  25  2:42  Mothership Core  
  27  2:44  Probe, Warp Gate (Chrono Boost)  
  28  2:55  Probe  
  29  3:03  Probe  
  30  3:05  Probe  
  31  3:15  Probe  
  31  3:19  Gateway  
  32  3:20  Gateway  
  32  3:24  Oracle (Chrono Boost)  
  35  3:30  Probe  
  35  3:31  Probe  
  37  3:43  Zealot x2  
  41  3:55  Pylon  
  41  4:00  Phoenix (Chrono Boost)  
  43  4:08  Probe x2  
  45  4:12  Assimilator  
  45  4:15  Assimilator  
  45  4:20  Probe x2  
  45  4:32  Probe  
  42  5:06  Adept x4  
  50  5:13  Robotics Facility  
  50  5:16  Gateway  
  50  5:17  Gateway  
  50  5:18  Probe x2  
  50  5:19  Pylon  
  52  5:21  Pylon  
  52  5:30  Probe x2  
  54  5:42  Probe x2  
  56  5:44  Forge  
  56  5:46  Twilight Council  
  56  5:52  Phoenix (Chrono Boost)  
  55  6:33  Protoss Ground Weapons Level 1  
  55  6:37  Blink  
  55  6:40  Immortal  
  55  6:46  Robotics Facility  
  59  6:49  Probe x2  
  61  7:13  Assimilator  
  61  7:17  Pylon  
  61  7:19  Pylon  
  61  7:21  Assimilator  
  61  7:25  Pylon  
  61  7:29  Nexus  
  61  7:31  Pylon  
  61  7:33  Pylon  
  61  7:41  Immortal (Chrono Boost)  
  65  7:44  Sentry  
  65  7:45  Sentry x2  
  65  7:46  Stalker x3  
  77  8:04  Probe x2  
  79  8:13  Stalker x6  
  79  8:16  Probe  
  79  8:17  Probe  
  93  8:20  Gateway  
  93  8:22  Gateway  
  93  8:25  Gateway  
  93  8:27  Gateway x2  
  93  8:28  Probe  
  93  8:29  Probe  
  95  8:40  Photon Cannon  
  95  8:42  Photon Cannon  
  95  8:44  Gateway  
  95  8:48  Photon Cannon  
  72  9:09  Stalker x2  
  72  9:11  Stalker x2  
  64  9:30  Stalker x2  
  68  9:43  Probe  
  69  10:02  Probe  
  69  10:04  Probe  
  31  11:36  Stalker x6  
  31  11:38  Probe  
  30  11:40  Probe x2  
  32  12:06  Stalker  
  32  12:07  Stalker  
  35  12:24  Probe  
  35  12:25  Probe x2  
  28  12:34  Probe  
  22  12:37  Probe  
  22  12:38  Probe  
Tags
 
Add a new tag
Caveats
  • Supply blocks, unpowered buildings, or Contaminate may cause inaccurate times.
  • Supply counts are checked every 10 seconds.